 Dungeon Crawl Stone Soup version 0.30-a0-847-g17996783a1 (webtiles) character file.

Game seed: 499609514972725158

241 qeuew the Shooter (level 5, 0/27 HPs)
             Began as a Spriggan Hunter on Mar 3, 2023.
             Slain by an orc warrior
             ... wielding a +0 scimitar
              (12 damage)
             ... on level 4 of the Dungeon.
             The game lasted 00:02:50 (1924 turns).

qeuew the Shooter (Spriggan Hunter)                 Turns: 1924, Time: 00:02:51

Health: 0/27       AC:  6    Str:  6    XL:     5   Next: 80%
Magic:  6/6        EV: 20    Int: 14    God:
Gold:   122        SH:  0    Dex: 26    Spells: 4/4 levels left

rFire   + . .      SeeInvis +    a - +0 shortbow
rCold   . . .      Faith    .    (shield currently unavailable)
rNeg    . . .      Spirit   .    c - +1 robe
rPois   +          Reflect  .    (helmet restricted)
rElec   .          Rampage  .    b - +2 cloak
rCorr   .                        (gloves unavailable)
Will    .....                    (boots unavailable)
Stlth   ++++                     (no amulet)
HPRegen 0.24/turn                j - +6 ring of dexterity
MPRegen 0.10/turn                (no ring)

@: very quick
A: very small, no large weapons, unfitting armour, see invisible, speed 3,
clever 1, fire resistance 1, poison resistance
a: no special abilities


You were on level 4 of the Dungeon.
You visited 1 branch of the dungeon, and saw 4 of its levels.

You collected 122 gold pieces.

Inventory:

Hand Weapons
 a - a +0 shortbow (weapon)
 i - a +0 dagger
Armour
 b - a +2 cloak (worn)
 c - a +1 robe (worn)
Jewellery
 j - a +6 ring of dexterity (left hand)
Wands
 d - a wand of digging (5)
Scrolls
 e - a scroll of magic mapping
 f - a scroll of teleportation
Potions
 g - 2 potions of curing


   Skills:
 + Level 2.5 Fighting
 + Level 1.6 Short Blades
 * Level 5.1 Ranged Weapons
 + Level 4.0 Dodging
 * Level 4.8 Stealth


You had 4 spell levels left.
You didn't know any spells.
Your spell library contained the following spells:

 Spells                   Type           Power      Damage    Failure   Level
 Dazzling Flash           Conj/Hex       0%         N/A       65%         3
 Gell's Gravitas          Tloc           0%         N/A       65%         3
 Ignite Poison            Fire/Tmut/Pois 0%         N/A       65%         3
 Kindle Blastsparks       Fire/Tloc/Air  0%         2d10      65%         3
 Ozocubu's Armour         Ice            0%         N/A       65%         3
 Teleport Other           Tloc           0%         N/A       65%         3
 Vhi's Electric Charge    Tloc/Air       0%         N/A       65%         3
 Agony                    Necr           0%         N/A       100%        5
 Arcjolt                  Conj/Air       0%         1d10      100%        5
 Freezing Cloud           Conj/Ice/Air   0%         6-21      100%        5
 Metabolic Englaciation   Hex/Ice        0%         N/A       100%        5
 Silence                  Hex/Air        0%         N/A       100%        5
 Dispersal                Tloc           0%         N/A       100%        6
 Simulacrum               Ice/Necr       0%         N/A       100%        6
 Maxwell's Capacitive Co  Air            0%         ∞         100%        8


Dungeon Overview and Level Annotations

Branches:
Dungeon (4/15)
 Temple: D:4-7

Altars:


Innate Abilities, Weirdness & Mutations

You are very small and have problems with some larger weapons.
You are too small for most types of armour.
You have supernaturally acute eyesight. (SInv)
You cover ground extremely quickly. (Speed+++)
Your mind is acute. (Int +4, Str/Dex -1)
Your flesh is heat resistant. (rF+)
Your system is resistant to poisons. (rPois)


Message History

You hear a shout!
You shoot an arrow. The arrow hits the orc wizard.
You kill the orc wizard!
An orc warrior comes into view. It is wielding a +0 scimitar.
Your Dodging skill increases to level 4!
You shoot an arrow. The arrow hits the orc priest.
The orc priest is moderately wounded.
The orc priest mumbles some strange prayers to Beogh against you.
You resist with significant effort.
You shoot an arrow. The arrow hits the orc priest.
The orc priest is heavily wounded.
The orc priest miscasts a cantrip.
You shoot an arrow. The arrow hits the orc priest.
The orc priest is heavily wounded.
You shoot an arrow.
The arrow hits the orc priest but does no damage.
The orc priest is heavily wounded.
The orc priest closely misses you. The orc hits you but does no damage.
The orc completely misses you.
You shoot an arrow. The arrow hits the orc priest.
The orc priest is severely wounded.
The orc priest hits you with a +0 dagger.
An orc comes into view. It is wielding a +0 whip.
The orc barely misses you.
You shoot an arrow.
The arrow hits the orc priest but does no damage.
The orc priest is severely wounded.
You hear a shout!
The orc priest calls down the wrath of Beogh upon you.
Beogh smites you! The orc warrior barely misses you.
The orc hits you with a +0 dagger.
You shoot an arrow.
The arrow hits the orc priest but does no damage.
The orc priest is severely wounded.
The orc warrior hits you with a +0 scimitar.
The orc priest completely misses you.
An orc comes into view. It is wielding a +0 mace.
The orc closely misses you.
The orc warrior hits you with a +0 scimitar!
You die...

.......#..
........###....
................. ..
#............... ...
#...............
....#...............
......o.............
....).o@....#.......
...o...o............
#o#######............
#...#....##..
#..####......
#..##...#....
#...........#
##.#.†.......###
#..#....###.##.##


You could see an orc warrior, an orc priest and 3 orcs.

Vanquished Creatures
  A phantom (D:3)
  A hound (D:4)
  Terence (D:3)
  An orc wizard (D:4)
  3 adders
  2 worms
  A dart slug (D:1)
  4 orcs
  3 ball pythons
  4 bats
  4 endoplasms
  A giant cockroach (D:2)
  4 goblins
  3 hobgoblins
  A quokka (D:1)
  3 frilled lizards
  8 kobolds
  11 rats
56 creatures vanquished.

Notes
Turn   | Place    | Note
-------+----------+-------------------------------------------
     0 | D:1      | qeuew the Spriggan Hunter began the quest for the Orb.
     0 | D:1      | Reached XP level 1. HP: 10/10 MP: 2/2
   126 | D:1      | Reached XP level 2. HP: 15/15 MP: 3/3
   243 | D:1      | Found a faded altar of an unknown god.
   790 | D:2      | Reached XP level 3. HP: 18/18 MP: 4/4
  1263 | D:3      | Noticed a phantom
  1281 | D:3      | Killed a phantom
  1282 | D:3      | Reached skill level 1 in Short Blades
  1282 | D:3      | Reached XP level 4. HP: 21/23 MP: 5/5
  1492 | D:3      | Reached XP level 5. HP: 24/26 MP: 6/6
  1602 | D:3      | Noticed Terence
  1615 | D:3      | Killed Terence
  1838 | D:3      | Gained mutation: Your mind is acute. (Int +4, Str/Dex -1)
                  | [potion of mutation]
  1838 | D:3      | Gained mutation: Your flesh is heat resistant. (rF+)
                  | [potion of mutation]
  1838 | D:3      | Gained mutation: Your system is resistant to poisons.
                  | (rPois) [potion of mutation]
  1901 | D:4      | Reached skill level 5 in Ranged Weapons
  1917 | D:4      | Noticed an orc warrior
  1924 | D:4      | Slain by an orc warrior

Illustrated notes

Levels and vault maps discovered:
D:1:      wander_arrival_estate, layout_basic, shapermc_ecumenical_altar_ellora
D:2:      layout_rooms
D:3:      layout_rooms, roderic_roman_lattice, hangedman_decor_clover_reticule,
          minmay_misc_feat_rugged, uniq_terence
D:4:      layout_cave_pools, lemuel_doored_altar, guppyfry_early_orc_mine

Skill      XL: |  1  2  3  4  5 |
---------------+----------------+-----
Stealth        | 2 3 4 |  4.8
Dodging        | 3 4 |  4.0
Fighting       | 2 |  2.5
Short Blades   | 1 |  1.6
Ranged Weapons | 5 |  5.1

Action                     |  1- 3 |  4- 6 || total
---------------------------+-------+-------++-------
  Melee: Dagger            |     5 |       ||     5
   Fire: Shortbow          |   114 |    73 ||   187
    Use: Potion            |     8 |     1 ||     9
         Scroll            |     6 |     3 ||     9
 Armour: Robe              |     5 |     4 ||     9
  Dodge: Dodged            |    47 |    22 ||    69

Table legend: (Time is in decaauts)
 A = Elapsed time spent in this place.
 B = Non-inter-level travel time spent in this place.
 C = Inter-level travel time spent in this place.
 D = Time resting spent in this place.
 E = Time spent auto-exploring this place.
 F = Levels seen in this place.
 G = Mean time per level.
                   A        B        C        D        E       F      G
               +--------+--------+--------+--------+--------+-----+--------+
         Total |   1393 |   1341 |     52 |      0 |    985 |   4 |  348.2 |
       Dungeon |   1393 |   1341 |     52 |      0 |    985 |   4 |  348.2 |
               +--------+--------+--------+--------+--------+-----+--------+

Top non-repeatable levels by time:
     D:3: 520 daAuts
     D:1: 501 daAuts
     D:2: 319 daAuts
     D:4: 52 daAuts
